 Dungeon Crawl Stone Soup version 0.18-a0-837-gd08d4d7 (webtiles) character file.

110 Oddball22 the Digger (level 4, 0/24 HPs)
             Began as a Gargoyle Earth Elementalist on Dec 18, 2015.
             Slain by an orc
             ... wielding a +0 mace
              (4 damage)
             ... on level 4 of the Dungeon.
             The game lasted 00:07:39 (3237 turns).

Oddball22 the Digger (Gargoyle Earth Elementalist)  Turns: 3237, Time: 00:07:39

Health: 0/24       AC:  6    Str: 11    XL:     4   Next: 91%
Magic:  0/8        EV: 12    Int: 17    God:
Gold:   135        SH:  0    Dex: 10    Spells: 4 memorised, 0 levels left

rFire  . . .     SeeInvis .     h - +0 dagger
rCold  . . .     Gourm    .     a - +0 robe
rNeg   + . .     Faith    .     (no shield)
rPois  ∞         Spirit   .     m - +0 helmet
rElec  +         Dismiss  .     (no cloak)
rCorr  .         Reflect  .     (no gloves)
SustAt .         Harm     .     (no boots)
MR     .....                    (no amulet)
Stlth  ++........               (no ring)
                                (no ring)

@: not resistant to hostile enchantments, unstealthy
A: negative energy resistance 1, electricity resistance, unbreathing,
petrification resistance, rot immunity, AC +3
a: no special abilities


You were on level 4 of the Dungeon.
You were very hungry.

You visited 1 branch of the dungeon, and saw 4 of its levels.

You collected 135 gold pieces.

Inventory:

Hand Weapons
 h - a +0 dagger (weapon)
Missiles
 b - 40 stones (quivered)
Armour
 a - a +0 robe (worn)
 m - a +0 helmet (worn)
 w - a +0 large shield
Jewellery
 u - a +2 ring of intelligence {unknown}
Scrolls
 g - 3 scrolls of fog {unknown}
 j - a scroll of amnesia {unknown}
 k - a scroll of magic mapping {unknown}
 l - 2 scrolls of identify {unknown}
 n - 2 scrolls of teleportation {unknown}
 r - a scroll of remove curse {unknown}
Potions
 e - 3 potions of curing {unknown}
 o - a potion of ambrosia {unknown}
 p - a potion of cure mutation {unknown}
 q - 2 potions of heal wounds {unknown}
 t - a potion of beneficial mutation {unknown}
Books
 c - a book of Geomancy

   Spells                             Type                      Level
   a - Sandblast                      Earth                        1
   b - Stoneskin                      Transmutation/Earth          2
   c - Passwall                       Transmutation/Earth          3
   d - Stone Arrow                    Conjuration/Earth            3
   e - Petrify                        Transmutation/Earth          4
   f - Lee's Rapid Deconstruction     Earth                        5
Comestibles
 d - a bread ration
 f - 3 meat rations
 s - 4 fruits
 v - a beef jerky


   Skills:
 + Level 2.3 Dodging
 - Level 2.1 Stealth
 * Level 3.0 Spellcasting
 - Level 0.7 Transmutations
 + Level 5.0 Earth Magic


You couldn't memorise any spells.
You knew the following spells:

 Your Spells              Type           Power        Failure   Level  Hunger
a - Sandblast             Erth           ###...       2%          1    None
b - Stoneskin             Trmt/Erth      ##......     10%         2    ##.....
c - Passwall              Trmt/Erth      ##........   17%         3    ###....
d - Stone Arrow           Conj/Erth      ##....       21%         3    ###....


Dungeon Overview and Level Annotations

Branches:
Dungeon (4/15)
 Temple: D:4-7

Altars:
Qazlal


Innate Abilities, Weirdness & Mutations

You are resistant to torment.
Your stone body is resilient (AC +3).
You are immune to poison.
You resist negative energy.
You are resistant to electric shocks.
You can survive without breathing.
You are immune to petrification.
You are immune to rotting.


Message History

You are too injured to fight recklessly!
The orc barely misses you.
Casting: Sandblast
Confirm with . or Enter, or press ? or * to list all spells.
Aiming: Sandblast
Press: ? - help, Shift-Dir - straight line, f/p - orc
Aim: an orc, wielding a club (lightly wounded)
The blast of sand hits the orc.
You kill the orc!
The orc hits you but does no damage. The orc hits you with a mace.
* * * LOW HITPOINT WARNING * * *
Things that are here:
a club x2
You hit the orc.
The orc is moderately wounded.
You hit the orc but do no damage.
The orc is moderately wounded.
The orc hits you with a mace.
You die...

####.##....#
#.........# #
#####.###.## .##
#.# #..# #..##
### ##.###.....
# #.......# #..
##...##..#
#!.##...##
#...@...#
#...o....#
#?...........#
#.###..........#
. #...$.......
##.........#
#........##
..........


You could see an orc.

Vanquished Creatures
  An orc priest (D:4)
  2 adders (D:3)
  2 giant geckos (D:1)
  2 orcs (D:4)
  2 ball pythons
  5 bats
  2 giant cockroaches (D:2)
  11 goblins
  7 hobgoblins
  5 kobolds
  5 giant newts
  6 jackals
  3 rats
53 creatures vanquished.

Notes
Turn   | Place    | Note
--------------------------------------------------------------
     0 | D:1      | Oddball22 the Gargoyle Earth Elementalist began the quest for the Orb.
     0 | D:1      | Reached XP level 1. HP: 10/10 MP: 3/3
   315 | D:1      | Reached XP level 2. HP: 15/15 MP: 1/5
   374 | D:1      | Reached skill level 4 in Earth Magic
  1037 | D:1      | Learned a level 2 spell: Stoneskin
  1099 | D:2      | Reached XP level 3. HP: 12/19 MP: 6/6
  1434 | D:2      | Learned a level 3 spell: Passwall
  2292 | D:3      | Reached XP level 4. HP: 24/24 MP: 3/8
  2399 | D:3      | Found a stormy altar of Qazlal.
  2438 | D:3      | Noticed a fire elemental
  2440 | D:3      | Noticed an earth elemental
  2440 | D:3      | Noticed a water elemental
  2440 | D:3      | Noticed an air elemental
  2915 | D:4      | Reached skill level 5 in Earth Magic
  2922 | D:3      | Learned a level 3 spell: Stone Arrow
  3237 | D:4      | Slain by an orc

Vault maps used:
D:1:      minmay_arrival_diagonal_passages
D:3:      hex_tiny, nicolae_qazlal_style_of_elements
D:4:      first_bread, minmay_surrounded

Action                   |  1- 3 |  4- 6 || total
-------------------------+-------+-------++-------
Melee: Unarmed           |     1 |       ||     1
       Dagger            |    73 |     8 ||    81
 Cast: Sandblast         |    74 |    36 ||   110
 Stab: Sleeping          |     1 |       ||     1
  Eat: Chunk             |     5 |     2 ||     7
